 Dungeon Crawl Stone Soup version 0.30-a0-808-g6e0788376e (webtiles) character file.

Game seed: 6551214449721392294

242 demibob the Spear-Bearer (level 6, -2/44 HPs)
             Began as a Merfolk Gladiator on Feb 26, 2023.
             Killed by divine providence
             ... invoked by an orc priest
              (11 damage)
             ... on level 4 of the Dungeon.
             The game lasted 00:03:34 (2256 turns).

demibob the Spear-Bearer (Merfolk Gladiator)        Turns: 2256, Time: 00:03:35

Health: -2/44      AC:  5    Str: 17    XL:     6   Next: 9%
Magic:  6/6        EV: 14    Int:  8    God:
Gold:   107        SH:  0    Dex: 25    Spells: 5/5 levels left

rFire   + . .      SeeInvis +    a - +0 trident
rCold   . . .      Faith    .    (no shield)
rNeg    . . .      Spirit   .    b - +0 leather armour
rPois   .          Reflect  .    c - +1 helmet
rElec   .          Harm     .    (no cloak)
rCorr   .          Rampage  .    (no gloves)
Will    +....                    (no boots)
Stlth   ++                       (no amulet)
HPRegen 0.27/turn                v - ring of see invisible
MPRegen 0.10/turn                h - ring "Uluenoim" {Drain rF+ Will+ Str+3 Dex+8}

@: no status effects
A: (nimble swimmer 2), mertail
a: no special abilities


You were on level 4 of the Dungeon.
You visited 1 branch of the dungeon, and saw 4 of its levels.

You collected 107 gold pieces.


Innate Abilities, Weirdness & Mutations

((You are very nimble when in or above water. (Stealth+, EV+, Speed+++)))
Your lower body shifts to a powerful aquatic tail in water.


   Skills:
 - Level 2.1 Fighting
 + Level 8.7 Polearms
 - Level 2.0 Throwing
 + Level 4.0 Dodging


You had 5 spell levels left.
You didn't know any spells.
Your spell library contained the following spells:

 Spells                   Type           Power      Damage    Failure   Level
 Magic Dart               Conj           0%         1d3       47%         1
 Call Imp                 Summ           0%         N/A       63%         2
 Cigotuvi's Dreadful Rot  Necr/Pois/Air  0%         N/A       63%         2
 Poisonous Vapours        Pois/Air       0%         N/A       63%         2
 Mephitic Cloud           Conj/Pois/Air  0%         N/A       85%         3

Inventory:

Hand Weapons
 a - a +0 trident (weapon)
Missiles
 e - a javelin (quivered)
Armour
 b - a +0 leather armour (worn)
 c - a +1 helmet (worn)
Magical Staves
 l - a staff of poison {!a}
Jewellery
 h - the ring "Uluenoim" (right hand) {Drain rF+ Will+ Str+3 Dex+8}
   (You found it on level 4 of the Dungeon)

   [ring of willpower]

   Str:       It affects your strength (+3).
   Dex:       It affects your dexterity (+8).
   rF:        It protects you from fire.
   Drain:     It drains your maximum health when unequipped.
   Will:      It increases your willpower.
 v - a ring of see invisible (left hand)
Scrolls
 g - 4 scrolls of enchant armour
Potions
 m - a potion of resistance

Dungeon Overview and Level Annotations

Branches:
Dungeon (4/15)
 Temple: D:4-7

Altars:
Okawaru
Trog

Shops:
D:2 !

Annotations:
D:4 2 runed translucent doors, Airmonger's ghost, amateur DsFi

##............
##........... ..#
##..####..... #..
##§.## #.... #..#
##§°§# ##.. #..
###.☼○.# #.
#..#####☼§...○#
#...##..(o#)..##
#####.o.....##@.☼☼☼#
..........####§.§.##
.........## #....#
.o.......# ♣.☼☼§♣
.......... ♣♣.☼.♣
..........# ♣♣§♣♣
..........# ♣.
..........# ♣♣
.........>#


You could see an orc priest.


Message History

The orc priest struggles against the net.
You hit the orc but do no damage.
The orc is heavily wounded.
The orc closely misses you.
The orc priest struggles against the net.
You hit the orc but do no damage.
The orc is heavily wounded.
The orc barely misses you.
The orc priest looks encouraged for a moment.
The orc priest struggles against the net.
The net rips apart, and the orc priest comes free!
You barely miss the orc.
The orc is heavily wounded.
The orc barely misses you.
You completely miss the orc.
The orc is heavily wounded.
The orc hits you but does no damage.
You closely miss the orc.
The orc is heavily wounded.
You hit the orc.
You kill the orc!
The orc priest hits you with a +0 club.
* * * LOW HITPOINT WARNING * * *
You barely miss the orc priest. The orc priest hits you with a +0 club.
* * * LOW HITPOINT WARNING * * *
You hit the orc priest.
The orc priest is moderately wounded.
The orc priest calls down the wrath of Beogh upon you.
Beogh smites you!
You die...

Skill      XL: |  1  2  3  4  5 |
---------------+----------------+-----
Polearms       | 5 6 7 8 |  8.7
Fighting       | |  2.1
Throwing       | |  2.0
Dodging        | |  4.0

Action                     |  1- 3 |  4- 6 || total
---------------------------+-------+-------++-------
  Melee: Trident           |   122 |   104 ||   226
         Punch             |     2 |     1 ||     3
  Throw: Throwing net      |       |     4 ||     4
    Use: Scroll            |       |     8 ||     8
         Potion            |       |     4 ||     4
   Stab: Sleeping          |     2 |     3 ||     5
         Held in net/web   |       |     3 ||     3
         Invisible         |       |     1 ||     1
 Armour: Leather armour    |    23 |    11 ||    34
         Skin              |       |     1 ||     1
  Dodge: Dodged            |    49 |    54 ||   103

Levels and vault maps discovered:
D:1:      scummos_arrival_simple_crosswalls, layout_basic
D:2:      layout_rooms, serial_shops, shop
D:3:      layout_loops_ring, trog_book
D:4:      layout_layer_cave, grunt_temple_overflow_lords_of_destruction,
          lemuel_crystal_altar, ebering_ghost_disaster_area, uniq_edmund,
          uniq_crazy_yiuf_cottage

Notes
Turn   | Place    | Note
-------+----------+-------------------------------------------
     0 | D:1      | demibob the Merfolk Gladiator began the quest for the Orb.
     0 | D:1      | Reached XP level 1. HP: 16/16 MP: 1/1
   279 | D:1      | Reached XP level 2. HP: 22/22 MP: 2/2
   338 | D:1      | Reached skill level 5 in Polearms
   551 | D:2      | Reached XP level 3. HP: 20/27 MP: 3/3
   627 | D:2      | Found Kaon's Distillery.
   912 | D:2      | Reached skill level 6 in Polearms
  1067 | D:3      | Found a bloodstained altar of Trog.
  1210 | D:3      | Reached XP level 4. HP: 25/33 MP: 4/4
  1714 | D:3      | Reached skill level 7 in Polearms
  1904 | D:3      | Identified a potion of resistance
  1960 | D:4      | Reached XP level 5. HP: 26/38 MP: 5/5
  2014 | D:4      | Found an iron altar of Okawaru.
  2018 | D:4      | Found a large runed translucent door.
  2018 | D:4      | Found a large runed translucent door.
  2024 | D:4      | Noticed Airmonger's ghost (amateur DsFi)
  2031 | D:4      | Noticed Edmund
  2051 | D:4      | HP: 3/49 [Edmund/+3 flail of draining (4)]
  2054 | D:4      | Killed Edmund
  2055 | D:4      | Reached skill level 8 in Polearms
  2055 | D:4      | Reached XP level 6. HP: 18/44 MP: 6/6
  2199 | D:4      | Identified the ring "Uluenoim" {Drain rF+ Will+ Str+3
                  | Dex+8}
  2256 | D:4      | Killed from afar by an orc priest

Vanquished Creatures
  Edmund (D:4)
  An iguana (D:4)
  4 adders
  4 worms
  2 dart slugs
  An orc (D:4)
  5 bats
  5 endoplasms (D:3)
  A giant cockroach (D:3)
  5 goblins
  4 hobgoblins
  4 kobolds
  A quokka (D:4)
  6 ball pythons
  5 rats
49 creatures vanquished.

Table legend: (Time is in decaauts)
 A = Elapsed time spent in this place.
 B = Non-inter-level travel time spent in this place.
 C = Inter-level travel time spent in this place.
 D = Time resting spent in this place.
 E = Time spent auto-exploring this place.
 F = Levels seen in this place.
 G = Mean time per level.
                   A        B        C        D        E       F      G
               +--------+--------+--------+--------+--------+-----+--------+
         Total |   2251 |   2180 |     71 |    147 |   1603 |   4 |  562.8 |
       Dungeon |   2251 |   2180 |     71 |    147 |   1603 |   4 |  562.8 |
               +--------+--------+--------+--------+--------+-----+--------+

Top non-repeatable levels by time:
     D:3: 883 daAuts
     D:1: 545 daAuts
     D:2: 510 daAuts
     D:4: 312 daAuts

Table legend:
 A = Non-vault XP
 B = Vault XP
 C = Vault XP percentage of total XP
 D = Non-vault monster count
 E = Vault monster count
 F = Vault count percentage of total count
                 A         B        C        D         E       F
            +---------+---------+-------+---------+---------+-------
      Total |     185 |     162 |  46.7 |      48 |       1 |   2.0
            +---------+---------+-------+---------+---------+-------
        D:1 |      21 |       0 |   0.0 |      11 |       0 |   0.0
        D:2 |      46 |       0 |   0.0 |      17 |       0 |   0.0
        D:3 |      74 |       0 |   0.0 |      17 |       0 |   0.0
        D:4 |      44 |     162 |  78.6 |       3 |       1 |  25.0
            +---------+---------+-------+---------+---------+-------
